 Dungeon Crawl Stone Soup version 0.28-a0-802-g09f76e8c00 (webtiles) character file.

Game seed: 6221610334258780588

30 ragingrage the Ruffian (level 3, -2/29 HPs)
             Began as a Demonspawn Chaos Knight on Nov 6, 2021.
             Was a Plaything of Xom.
             Slain by a goblin (6 damage)
             ... led by Robin
             ... on level 2 of the Dungeon.
             The game lasted 00:00:50 (800 turns).

ragingrage the Ruffian (Demonspawn Chaos Knight)     Turns: 800, Time: 00:00:51

Health: -2/29      AC:  5    Str: 13    XL:     3   Next: 5%
Magic:  12/12      EV: 11    Int: 13    God:    Xom [..*...]
Gold:   91         SH:  0    Dex: 12    Spells: 2/2 levels left

rFire   . . .      SeeInvis .     - Unarmed
rCold   . . .      Faith    .   (no shield)
rNeg    . . .      Spirit   .   a - +2 leather armour
rPois   .          Reflect  .   (helmet restricted)
rElec   .          Harm     .   (no cloak)
rCorr   .          Rampage  .   (no gloves)
Will    .....                   (no boots)
Stlth   +.........              d - amulet of regeneration
HPRegen 1.09/turn               h - ring of magical power
MPRegen 0.13/turn               (no ring)

@: no status effects
A: horns 2
a: Renounce Religion


You were on level 2 of the Dungeon.
You worshipped Xom.
You were a toy of Xom.
You visited 1 branch of the dungeon, and saw 2 of its levels.

You collected 91 gold pieces.

Inventory:

Missiles
 e - 15 poisoned darts (quivered)
Armour
 a - a +2 leather armour (worn)
Jewellery
 d - an amulet of regeneration (around neck)
 h - a ring of magical power (left hand)
Scrolls
 b - 2 scrolls of teleportation {unknown}
 c - a scroll of torment {unknown}
 f - a scroll of amnesia {unknown}
 g - a scroll of noise {unknown}
 i - a scroll of blinking {unknown}
Potions
 j - a potion of curing {unknown}


   Skills:
 - Level 3.0 Fighting
 - Level 1.7 Armour
 - Level 0.8 Dodging
 * Level 3.8 Unarmed Combat


You had 2 spell levels left.
You didn't know any spells.
Your spell library contained the following spells:

 Spells                   Type           Power      Damage    Failure   Level
 Sandblast                Erth           0%         2d4       36%         1
 Summon Small Mammal      Summ           0%         N/A       36%         1
 Passwall                 Tmut/Erth      0%         N/A       52%         2
 Call Canine Familiar     Summ           0%         N/A       75%         3
 Stone Arrow              Conj/Erth      0%         3d7       75%         3
 Summon Guardian Golem    Hex/Summ       0%         N/A       75%         3


Dungeon Overview and Level Annotations

Branches:
Dungeon (2/15)

Altars:
Qazlal

Shops:
D:1 *

Annotations:
D:2 Robin


Innate Abilities, Weirdness & Mutations

You have a pair of horns on your head.


Message History

You hit the goblin.
You kill the goblin!
The goblin closely misses you. The goblin hits you with a +0 dagger.
The hobgoblin hits you.
* * * LOW HITPOINT WARNING * * *
You have reached level 3!
Your experience leads to an increase in your attributes!
Increase (S)trength, (I)ntelligence, or (D)exterity?
You feel stronger.
Your demonic ancestry asserts itself...
The horns on your head grow some more. The goblin hits you with a +0 dagger.
* * * LOW HITPOINT WARNING * * *
Things that are here:
a +0 club; a +0 hunting sling; 15 stones The goblin no longer looks unusually strong.
Robin throws the goblin at you!
You closely miss the goblin.
The goblin no longer looks unusually strong. x2
The goblin misses you. The goblin hits you but does no damage.
You hit the goblin.
You kill the goblin!
The goblin barely misses you. Robin throws the goblin at you!
The goblin closely misses you.
You barely miss the goblin. Your headbutt misses the goblin.
The goblin no longer looks unusually strong.
The goblin hits you but does no damage. The goblin hits you with a +0 club.
* * * LOW HITPOINT WARNING * * *
You closely miss the goblin.
The hobgoblin no longer looks unusually strong. x2
The goblin hits you but does no damage.
Robin roars a battlecry!
The goblins go into a battle-frenzy!
The goblin closely misses you.
You closely miss the goblin. The goblin hits you with a +0 dagger.
* * * LOW HITPOINT WARNING * * *
The goblin hits you but does no damage.
You hit the goblin but do no damage. Your headbutt misses the goblin.
The goblin closely misses you.
You completely miss the goblin. The goblin hits you with a +0 club.
You die...

####. .....###### #....
.......... #.### ........
#.#.. ...... ####.#.# #...#
#....... . #.g.# #.##.#..
....###.gg###########.##.#..
.>g....gSgg@g......)........
....#########.........##....
. g #.###########..# #.#
#.... #.# ..##.# #.. ... #..
g ### .. ##


You could see Robin, 3 hobgoblins, 3 goblins and a ball python.

Vanquished Creatures
  3 ball pythons (D:1)
  2 bats
  An endoplasm (D:2)
  6 goblins
  6 hobgoblins
  3 kobolds (D:1)
  2 quokkas (D:1)
  A frilled lizard (D:1)
  A rat (D:1)
25 creatures vanquished.

Notes
Turn   | Place    | Note
-------+----------+-------------------------------------------
     0 | D:1      | ragingrage the Demonspawn Chaos Knight began the quest for
                  | the Orb.
     0 | D:1      | Reached XP level 1. HP: 18/18 MP: 1/1
   164 | D:1      | Gained mutation: You have a pair of small horns on your
                  | head. [demonic ancestry]
   164 | D:1      | Reached XP level 2. HP: 21/24 MP: 2/2
   398 | D:1      | Found Kudidd's General Store.
   661 | D:2      | Found a stormy altar of Qazlal.
   779 | D:2      | Noticed Robin
   787 | D:2      | XOM: divination: detect creatures
   792 | D:2      | Gained mutation: You have a pair of horns on your head.
                  | [demonic ancestry]
   792 | D:2      | Reached XP level 3. HP: 7/29 MP: 3/3
   800 | D:2      | Slain by a goblin

Illustrated notes

Levels and vault maps discovered:
D:1:      psy_arrival_conway, layout_rooms, serial_shops,
          nicolae_shop_window_shopping
D:2:      layout_basic, basic_ecumenical_altar, basic_altar, fountainhead,
          kennysheep_generic_room_7, uniq_robin

Skill      XL: |  1 |
---------------+----+-----
Unarmed Combat | 3 |  3.8
Fighting       | |  3.0
Armour         | |  1.7
Dodging        | |  0.8

Action                   || total
-------------------------++-------
Melee: Unarmed           ||    98
       Headbutt          ||     5
Armor: Leather armour    ||    36
Dodge: Dodged            ||    66

Table legend: (Time is in decaauts)
 A = Elapsed time spent in this place.
 B = Non-inter-level travel time spent in this place.
 C = Inter-level travel time spent in this place.
 D = Time resting spent in this place.
 E = Time spent auto-exploring this place.
 F = Levels seen in this place.
 G = Mean time per level.
                   A        B        C        D        E       F      G
               +--------+--------+--------+--------+--------+-----+--------+
         Total |    796 |    785 |     11 |      0 |    594 |   2 |  398.0 |
       Dungeon |    796 |    785 |     11 |      0 |    594 |   2 |  398.0 |
               +--------+--------+--------+--------+--------+-----+--------+

Top non-repeatable levels by time:
     D:1: 646 daAuts
     D:2: 149 daAuts
